 Dungeon Crawl Stone Soup version 0.21.1-1-g345015f (webtiles) character file.

1243 inc the Changer (level 8, -1/57 HPs)
             Began as an Octopode Transmuter on June 10, 2018.
             Was a Follower of Elyvilon.
             Slain by an orc
             ... wielding a +0 flail
              (9 damage)
             ... on level 6 of the Dungeon.
             The game lasted 00:11:53 (7402 turns).

inc the Changer (Octopode Transmuter)               Turns: 7402, Time: 00:11:54

Health: -1/57      AC:  6    Str:  9    XL:     8   Next: 50%
Magic:  8/11       EV: 11    Int: 16    God:    Elyvilon [*.....]
Gold:   168        SH:  0    Dex: 14    Spells: 1/11 levels left

rFire    x . .     SeeInvis .     - Unarmed
rCold    + + +     Gourm    .   (shield currently unavailable)
rNeg     . . .     Faith    .   (helmet currently unavailable)
rPois    +         Spirit   .   (no amulet)
rElec    .         Reflect  .   (no ring)
rCorr    .         Harm     .   (no ring)
MR       .....                  (no ring)
Stlth    +.........             (no ring)
HPRegen  0.19/turn              (no ring)
MPRegen  0.12/turn              (no ring)
                                (no ring)
                                (no ring)

@: ice-form
A: large, almost no armour, stealthy swim, amphibious, 8 rings, (constrict 8)
a: End Transformation, Lesser Healing, Divine Protection, Renounce Religion


You were on level 6 of the Dungeon.
You worshipped Elyvilon.
Elyvilon was aware of your devotion.
You were very hungry.
You were a creature of crystalline ice.
You visited 1 branch of the dungeon, and saw 6 of its levels.

You collected 168 gold pieces.

Inventory:

Missiles
 a - 112 arrows
Jewellery
 l - an uncursed ring of fire
 t - a -3 ring of intelligence
Wands
 i - a wand of paralysis (10)
 n - a wand of random effects (23)
Scrolls
 d - a scroll of remove curse
 e - 2 scrolls of fear
 g - 2 scrolls of amnesia {unknown}
 k - 3 scrolls of teleportation
 o - a scroll of enchant weapon {unknown}
 p - a scroll of random uselessness {unknown}
 r - a scroll of identify
 s - 2 scrolls of magic mapping {unknown}
Potions
 f - 2 potions of curing
 h - 2 potions of degeneration
 j - 2 potions of brilliance
 m - a potion of ambrosia
 u - a potion of flight
Books
 b - a book of Changes

   Spells                             Type                      Level
   a - Beastly Appendage              Transmutation                1
   b - Sticks to Snakes               Transmutation                2
   c - Spider Form                    Transmutation/Poison         3
   d - Ice Form                       Ice/Transmutation            4
   e - Blade Hands                    Transmutation                5
Comestibles
 c - 5 rations


   Skills:
 - Level 1.0 Fighting
 - Level 3.1 Dodging
 - Level 3.0 Unarmed Combat
 - Level 2.0 Spellcasting
 - Level 7.1 Transmutations
 + Level 6.6 Ice Magic


You had one spell level left.
You knew the following spells:

 Your Spells              Type           Power        Failure   Level  Hunger
a - Beastly Appendage     Tmut           ###...       1%          1    #......
b - Sticks to Snakes      Tmut           ###.....     1%          2    ###....
c - Spider Form           Tmut/Pois      ##........   14%         3    ###....
d - Ice Form              Ice/Tmut       ###.....     12%         4    #####..


Dungeon Overview and Level Annotations

Branches:
Dungeon (6/15)             Temple (0/1) D:4

Altars:
Elyvilon
Fedhas
Okawaru

Annotations:
D:5 LairdRich's ghost, novice MiBe; Menkaure; Sigmund


Innate Abilities, Weirdness & Mutations

You cannot wear most types of armour.
You are very stealthy in the water. (Stealth+)
You are amphibious.
You can wear up to eight rings at the same time.
((You can use your tentacles to constrict eight enemies at once.))
((Your skin changes colour to match your surroundings (Stealth+).))
((Your rubbery body absorbs attacks. (AC +1, EV +1)))


Message History

The puff of flame hits you! The fire burns you terribly!
You hit the orc wizard. You freeze the orc wizard.
You kill the orc wizard!
The orc barely misses you. The orc hits you with a flail. The orc misses you.
You completely miss the orc. You punch the orc! You freeze the orc.
You kill the orc!
The orc hits you with a flail.
* * * LOW HITPOINT WARNING * * *
The orc closely misses you.
You hit the orc but do no damage. The orc closely misses you.
The orc hits you but does no damage.
You barely miss the orc. The orc hits you with a club.
* * * LOW HITPOINT WARNING * * *
The orc hits you with a flail!
* * * LOW HITPOINT WARNING * * *
You punch the orc! You freeze the orc.
You kill the orc!
The orc hits you with a flail!
You die...

#...............
#...............
#...............
#...............
#...............
#...............
#........#######
#......))# #......oY#
#........# #......[.#
#........# #........#
#........# #........#
#......รท.###########
######.)...........#.


.PP You could see an orc.

Vanquished Creatures
  A sky beast (D:6)
  An ice beast (D:5)
  2 centaurs
  2 ogres
  A crimson imp (D:5)
  2 orc priests (D:4)
  4 orc wizards
  Terence (D:2)
  3 iguanas
  4 worker ants
  Robin (D:2)
  5 gnolls
  14 adders
  2 oozes
  2 worms
  3 dart slugs
  4 leopard geckos
  14 orcs
  2 ball pythons (D:3)
  2 giant cockroaches
  16 goblins
  9 hobgoblins
  8 jackals
  A quokka (D:2)
  11 bats
  4 frilled lizards
  8 kobolds
  9 rats
136 creatures vanquished.

Notes
Turn   | Place    | Note
-------+----------+-------------------------------------------
     0 | D:1      | inc the Octopode Transmuter began the quest for the Orb.
     0 | D:1      | Reached XP level 1. HP: 13/13 MP: 3/3
   290 | D:1      | Reached XP level 2. HP: 14/18 MP: 5/5
   547 | D:1      | Reached skill level 3 in Transmutations
   561 | D:1      | Reached XP level 3. HP: 18/23 MP: 6/6
   771 | D:2      | Learned a level 2 spell: Sticks to Snakes
   775 | D:2      | Learned a level 3 spell: Spider Form
   939 | D:2      | Reached skill level 4 in Transmutations
  1023 | D:2      | Reached XP level 4. HP: 28/28 MP: 3/7
  1293 | D:2      | Noticed Terence
  1302 | D:2      | Killed Terence
  1302 | D:2      | Reached skill level 5 in Transmutations
  1302 | D:2      | Reached XP level 5. HP: 15/33 MP: 4/8
  1470 | D:2      | Noticed Robin
  1675 | D:2      | Killed Robin
  1708 | D:2      | HP: 1/33 [adder (5)]
  1994 | D:2      | Found an iron altar of Okawaru.
  2778 | D:3      | Reached skill level 6 in Transmutations
  2844 | D:3      | Reached XP level 6. HP: 38/38 MP: 5/9
  3392 | D:3      | Found a white marble altar of Elyvilon.
  3420 | D:3      | Became a worshipper of Elyvilon the Healer
  3917 | D:4      | Noticed a phantom
  4678 | D:4      | Reached XP level 7. HP: 29/43 MP: 6/10
  4703 | D:4      | Learned a level 4 spell: Ice Form
  5129 | D:4      | Reached skill level 7 in Transmutations
  5348 | D:4      | Found a staircase to the Ecumenical Temple.
  5490 | D:4      | Reached skill level 1 in Ice Magic
  5748 | D:5      | Entered Level 5 of the Dungeon
  5770 | D:5      | Noticed Sigmund
  6346 | D:5      | Reached * piety under Elyvilon
  6476 | D:5      | Reached XP level 8. HP: 34/48 MP: 8/11
  6553 | D:5      | Noticed LairdRich's ghost (novice MiBe)
  6641 | D:5      | Noticed Menkaure
  6669 | D:6      | Found a blossoming altar of Fedhas.
  6807 | D:6      | Reached skill level 5 in Ice Magic
  7402 | D:6      | Slain by an orc

Skill      XL: |  1  2  3  4  5  6  7  8 |
---------------+-------------------------+-----
Transmutations | 3 4 5 6 7 |  7.1
Dodging        | 3 |  3.1
Ice Magic      | 4 6 |  6.6
Fighting       | |  1.0
Unarmed Combat | |  3.0
Spellcasting   | |  2.0

Action                   |  1- 3 |  4- 6 |  7- 9 || total
-------------------------+-------+-------+-------++-------
Melee: Unarmed           |    66 |   241 |   163 ||   470
       Constrict         |    16 |    27 |     9 ||    52
       Tentacles         |    14 |    16 |     9 ||    39
       Kick              |     1 |    20 |     7 ||    28
       Punch             |       |     2 |     1 ||     3
 Cast: Beastly Appendage |     3 |    13 |     2 ||    18
       Spider Form       |     1 |    14 |    11 ||    26
       Ice Form          |       |       |     1 ||     1
Invok: Lesser Healing    |       |       |     1 ||     1
 Abil: End Transformatio |       |       |     1 ||     1
  Use: Scroll            |       |     3 |     5 ||     8
       Potion            |       |     1 |     1 ||     2
 Stab: Sleeping          |     4 |     6 |     1 ||    11
  Eat: Chunk             |       |    11 |     6 ||    17
       Ration            |       |     1 |     1 ||     2
Armor: Skin              |     6 |    12 |    10 ||    28
Dodge: Dodged            |    48 |   165 |   122 ||   335
